 Dungeon Sprint DCSS version 0.21-a0-272-g984ae92 (webtiles) character file.

10679 potatolord6000 the Warrior (level 11, -1/112 HPs)
             Began as a Minotaur Monk on Sept 15, 2017.
             Was a High Priest of Okawaru.
             Slain by a ghost moth (9 damage)
             ... in the Dungeon (Sprint VII: "The Pits").
             The game lasted 00:09:41 (2530 turns).

potatolord6000 the Warrior (Minotaur Monk)          Turns: 2530, Time: 00:09:41

Health: -1/112     AC: 22    Str: 19 (20) XL:     11   Next: 39%
Magic:  0/19       EV: 16    Int: 13      God:    Okawaru [*****.]
Gold:   30         SH:  0    Dex: 17      Spells: 10/10 levels left

rFire    + . .     SeeInvis .   s - +10 falchion of Susmaczush {venom, *Drain +Fly Dex+2}
rCold    + . .     Gourm    .   (no shield)
rNeg     . . .     Faith    .   v - +4 chain mail of Temperance {+Inv rElec Int+6}
rPois    .         Spirit   .   (helmet restricted)
rElec    +         Reflect  .   a - scarf {rC+ rF+}
rCorr    .         Harm     .   (no gloves)
MR       .....     NoTele   +   d - +0 pair of boots
Stlth    ..........             (no amulet)
HPRegen  0.28/turn              j - +3 ring of dexterity
MPRegen  0.16/turn              p - +3 ring of protection

@: no status effects
A: retaliatory headbutt, horns 2
a: Heroism, Finesse, Renounce Religion, Evoke Invisibility, Evoke Flight


You were in the Dungeon.
You worshipped Okawaru.
Okawaru was extremely pleased with you.
You were full.

You visited 1 branch You collected 30 gold pieces.

Inventory:

Hand Weapons
 s - the +10 falchion of Susmaczush (weapon) {venom, *Drain +Fly Dex+2}
   (You found it in the Dungeon)

   It poisons the flesh of those it strikes.
   It affects your dexterity (+2).
   It lets you fly.
   It causes draining when unequipped.
Armour
 a - a scarf of resistance (worn)
 d - a +0 pair of boots (worn)
 v - the +4 chain mail of Temperance (worn) {+Inv rElec Int+6}
   (You found it in the Dungeon)

   It affects your intelligence (+6).
   It insulates you from electricity.
   It lets you turn invisible.
Jewellery
 j - a +3 ring of dexterity (left hand)
 p - a +3 ring of protection (right hand)
Scrolls
 f - 2 scrolls of enchant armour
 i - 3 scrolls of blinking
 k - 7 scrolls of remove curse
 l - 5 scrolls of amnesia
 m - a scroll of summoning
 t - 3 scrolls of fear
Potions
 e - 8 potions of curing
 g - 4 potions of magic
 h - 4 potions of berserk rage
 q - a potion of resistance
 r - 2 potions of haste
 u - 6 potions of heal wounds
 w - a potion of might
Comestibles
 c - 9 bread rations
 n - 40 fruits
 o - 5 meat rations


   Skills:
 + Level 15.2 Fighting
 + Level 15.1 Long Blades
 + Level 14.7 Armour
 + Level 14.0 Dodging
 - Level 1.5 Stealth
 + Level 12.6 Invocations


You had 10 spell levels left.
You didn't know any spells.

Dungeon Overview and Level Annotations

Branches:
Dungeon (1/1)

Altars:
Ashenzari
Cheibriados
Dithmenos
Elyvilon
Fedhas
Gozag
Hepliaklqana
Kikubaaqudgha
Makhleb
Nemelex Xobeh
Okawaru
Qazlal
Ru
Sif Muna
Trog
Uskayaw
Vehumet
Wu Jian
Xom
Yredelemnul
Zin
The Shining One
Beogh
Jiyva
Lugonu


Innate Abilities, Weirdness & Mutations

You reflexively headbutt those who attack you in melee.
You have a pair of horns on your head.


Message History

You hit something. You headbutt something.
You feel you are being watched by something.
Something barely misses you. Something hits you!
You feel weakened. Something stings you.
Unknown command.
You slash something! You headbutt something.
The two-headed ogre hits you with a giant club!!
* * * LOW HITPOINT WARNING * * *
The two-headed ogre hits you with a giant spiked club!
* * * LOW HITPOINT WARNING * * *
Something hits you but does no damage. Something hits you.
* * * LOW HITPOINT WARNING * * *
Something stings you but does no damage.
You barely miss something. Your headbutt misses something.
Unknown command.
You hit something.
You feel you are being watched by something.
Something hits you but does no damage. Something hits you!
You die...

#..# #..# #..# ####### #..#
..##..# #..# ..##..# #..#
..''..# #{O#
..''..##########@.#
..##..............#
..##..†...........#
################### #########
########## #####
.+..)...###..(.....###....####
.+..'))...##......##....###..#
##..##.....##....##..#.##....#
#.)..###....#.)..#.....#.....#


You could see a two-headed ogre.

Vanquished Creatures
  A nagaraja (D)
  A minotaur (D)
  A death yak (D)
  A deep troll (D)
  A deep elf mage (D)
  An elephant (D)
  A guardian serpent (D)
  A black mamba (D)
  A kobold demonologist (D)
  A gargoyle (D)
  A spiny frog (D)
  A freezing wraith (D)
  A demonic crawler (D)
  A rime drake (D)
  A komodo dragon (D)
  A hellwing (D)
  A merfolk (D)
  A jumping spider (D)
  2 polar bears (D)
  A troll (D)
  A wandering mushroom (D)
  Grinder (D)
  A hippogriff (D)
  A flying skull (D)
  A redback (D)
  A tarantella (D)
  A hungry ghost (D)
  2 steam dragons (D)
  3 wargs (D)
  A porcupine (D)
  A floating eye (D)
  Purgy (D)
  A black bear (D)
  An ice beast (D)
  A sky beast (D)
  An eye of draining (D)
  2 centaurs (D)
  2 big kobolds (D)
  5 killer bees (D)
  4 wights (D)
  2 orc priests (D)
  A jelly (D)
  2 iguanas (D)
  2 worker ants (D)
  An adder (D)
  2 ufetubi (D)
  2 oozes (D)
  A worm (D)
  A leopard gecko (D)
  An orc (D)
  A ball python (D)
  A bat skeleton (D)
  A giant cockroach (D)
  4 jackals (D)
  2 bats (D)
  3 kobolds (D)
  A rat (D)
81 creatures vanquished.

Vanquished Creatures (others)
  2 kobolds (D)
2 creatures vanquished.

Grand Total: 83 creatures vanquished

Notes
Turn   | Place    | Note
-------+----------+-------------------------------------------
     0 | D        | potatolord6000 the Minotaur Monk began the quest for the Orb.
     0 | D        | Reached XP level 1. HP: 19/19 MP: 0/0
    16 | D        | Reached skill level 1 in Armour
    47 | D        | Found a bloodstained altar of Trog.
    47 | D        | Found a deep blue altar of Sif Muna.
    47 | D        | Found a viscous altar of Jiyva.
    47 | D        | Found a hazy altar of Hepliaklqana.
    47 | D        | Found an opulent altar of Gozag.
    54 | D        | Found a glowing golden altar of the Shining One.
    54 | D        | Found a glowing silver altar of Zin.
    54 | D        | Found a basalt altar of Yredelemnul.
    54 | D        | Found a shimmering altar of Xom.
    54 | D        | Found an ornate altar of the Wu Jian Council.
    54 | D        | Found a sacrificial altar of Ru.
    54 | D        | Found a stormy altar of Qazlal.
    54 | D        | Found an iron altar of Okawaru.
    54 | D        | Found a sparkling altar of Nemelex Xobeh.
    54 | D        | Found a burning altar of Makhleb.
    54 | D        | Found a blossoming altar of Fedhas.
    54 | D        | Found a white marble altar of Elyvilon.
    54 | D        | Found a shadowy altar of Dithmenos.
    54 | D        | Found a snail-covered altar of Cheibriados.
    56 | D        | Found a radiant altar of Vehumet.
    56 | D        | Found a corrupted altar of Lugonu.
    56 | D        | Found a roughly hewn altar of Beogh.
    58 | D        | Found an ancient bone altar of Kikubaaqudgha.
    58 | D        | Found a hide-covered altar of Uskayaw.
    58 | D        | Found a shattered altar of Ashenzari.
    62 | D        | Became a worshipper of Warmaster Okawaru
    62 | D        | Reached * piety under Okawaru
    62 | D        | Reached ** piety under Okawaru
    76 | D        | Noticed a worker ant
    80 | D        | Killed a worker ant
    80 | D        | Reached skill level 1 in Invocations
    80 | D        | Reached XP level 2. HP: 12/28 MP: 0/2
    80 | D        | Reached XP level 3. HP: 15/35 MP: 0/3
    82 | D        | Reached skill level 5 in Fighting
    82 | D        | Reached skill level 5 in Long Blades
    95 | D        | Reached skill level 5 in Dodging
   108 | D        | Noticed Purgy
   118 | D        | Killed Purgy
   118 | D        | Reached skill level 5 in Armour
   118 | D        | Reached XP level 4. HP: 22/45 MP: 2/6
   118 | D        | Reached XP level 5. HP: 25/51 MP: 2/7
   280 | D        | Noticed a warg
   280 | D        | Noticed a porcupine
   290 | D        | Killed a warg
   290 | D        | Reached *** piety under Okawaru
   290 | D        | Reached skill level 5 in Invocations
   290 | D        | Reached XP level 6. HP: 50/61 MP: 5/8
   292 | D        | Killed a porcupine
   436 | D        | Noticed Grinder
   436 | D        | Noticed a warg
   448 | D        | Reached XP level 7. HP: 50/70 MP: 10/10
   451 | D        | Paralysed by Grinder for 7 turns
   466 | D        | Killed Grinder
   466 | D        | Reached **** piety under Okawaru
   475 | D        | Noticed a wandering mushroom
   475 | D        | Noticed a merfolk
   490 | D        | Killed a merfolk
   490 | D        | Reached skill level 10 in Fighting
   490 | D        | Reached skill level 10 in Long Blades
   490 | D        | Reached XP level 8. HP: 45/79 MP: 12/12
   504 | D        | Killed a wandering mushroom
   694 | D        | Noticed a black mamba
   694 | D        | Noticed a hippogriff
   700 | D        | Killed a black mamba
   700 | D        | Reached skill level 10 in Armour
   700 | D        | Reached skill level 10 in Dodging
   707 | D        | Killed a hippogriff
   840 | D        | Noticed a rime drake
   841 | D        | Noticed a death yak
   851 | D        | Killed a rime drake
   851 | D        | Reached ***** piety under Okawaru
   851 | D        | Reached XP level 9. HP: 32/89 MP: 14/14
   879 | D        | Killed a death yak
   879 | D        | Received a gift from Okawaru
  1100 | D        | Noticed a jumping spider
  1101 | D        | Noticed a deep troll
  1115 | D        | Killed a deep troll
  1115 | D        | Reached skill level 10 in Invocations
  1129 | D        | Killed a jumping spider
  1332 | D        | Noticed a komodo dragon
  1343 | D        | Killed a komodo dragon
  1411 | D        | Noticed a gargoyle
  1418 | D        | Killed a gargoyle
  1418 | D        | Reached XP level 10. HP: 97/101 MP: 8/16
  1420 | D        | Noticed an elephant
  1447 | D        | Killed an elephant
  1461 | D        | Noticed a spiny frog
  1470 | D        | Killed a spiny frog
  1645 | D        | Noticed a minotaur
  1664 | D        | Killed a minotaur
  1957 | D        | Noticed a deep elf mage
  1957 | D        | Noticed a guardian serpent
  1961 | D        | Noticed a rust devil
  1961 | D        | Paralysed by a floating eye for 3 turns
  1963 | D        | Noticed a nagaraja
  1966 | D        | Killed a deep elf mage
  1966 | D        | Received a gift from Okawaru
  1974 | D        | Paralysed by a floating eye for 3 turns
  1983 | D        | Paralysed by a floating eye for 3 turns
  1991 | D        | Killed a guardian serpent
  1996 | D        | Reached XP level 11. HP: 66/111 MP: 0/18
  2008 | D        | Paralysed by a floating eye for 3 turns
  2013 | D        | Killed a nagaraja
  2019 | D        | Reached skill level 15 in Fighting
  2030 | D        | Reached skill level 15 in Long Blades
  2390 | D        | Got the +4 chain mail of Temperance {+Inv rElec Int+6}
  2417 | D        | Got the +10 falchion of Susmaczush {venom, *Drain +Fly Dex+2}
  2515 | D        | Noticed a two-headed ogre
  2530 | D        | Slain by a ghost moth

Vault maps used:
D:        pitsprint

Skill      XL: |  1  2  3  4  5  6  7  8  9 10 11 |
---------------+----------------------------------+-----
Fighting       | 4 6 7 9 10 11 13 14 15 | 15.2
Long Blades    | 4 6 7 9 10 11 12 14 15 | 15.1
Armour         | 3 5 6 7 9 10 12 13 14 | 14.7
Dodging        | 4 6 7 8 9 10 12 13 14 | 14.0
Invocations    | 1 4 5 6 7 9 10 11 12 | 12.6
Stealth        | |  1.5

Action                   |  1- 3 |  4- 6 |  7- 9 | 10-12 || total
-------------------------+-------+-------+-------+-------++-------
Melee: Falchion          |    25 |     1 |       |    28 ||    54
       Headbutt          |     2 |     6 |    24 |    42 ||    74
       Long sword        |       |    31 |   113 |    95 ||   239
       Punch             |       |     1 |       |     2 ||     3
Invok: Heroism           |       |     1 |     2 |     2 ||     5
       Finesse           |       |       |     1 |     1 ||     2
  Use: Potion            |     3 |       |    11 |     4 ||    18
       Scroll            |       |       |       |     2 ||     2
 Stab: Invisible         |       |       |     6 |    15 ||    21
  Eat: Meat ration       |       |     1 |     1 |       ||     2
Armor: Robe              |     9 |       |       |       ||     9
       Plate armour      |       |    41 |    82 |   123 ||   246
       Chain mail        |       |       |       |    31 ||    31
Dodge: Dodged            |    31 |    28 |    75 |   200 ||   334
       Deflected         |       |       |     1 |     2 ||     3
       Rpst.: Falchion   |     8 |       |       |     1 ||     9
       Long sword        |       |     3 |    13 |    33 ||    49

Table legend:
 A = Spawn XP
 B = Non-spawn XP
 C = Spawn XP percentage of total XP
 D = Spawn monster count
 E = Non-spawn monster count
 F = Spawn count percentage of total count
 G = Total turns spent on level
                    A         B        C        D         E        F      G
               +---------+---------+-------+---------+---------+-------+---------
         Total |       0 |   15256 |   0.0 |       0 |      81 |   0.0 |  2530
               +---------+---------+-------+---------+---------+-------+---------
             D |       0 |   15256 |   0.0 |       0 |      81 |   0.0 |  2530
               +---------+---------+-------+---------+---------+-------+---------
